Map: Wolfe Industries Compound

Players

Eagle

  • Race: Terran Terran
  • League: Silver
  • Spawn Location: 12:00

SPAD

  • Race: Protoss Protoss
  • League: Gold
  • Spawn Location: 3:00

Blubbel - Winner!

  • Race: Terran Terran
  • League: Silver
  • Spawn Location: 7:00

zod - Winner!

  • Race: Protoss Protoss
  • League: Silver
  • Spawn Location: 7:00

VOD

Have the link to the VOD?

Description

Time

  • Played on: Jan. 17, 2016, 1:29 p.m.
  • Length: 25:33
Show
View Real Time Build Order
Export as new Build Order

Eagle Terran 

Build Orders: MMM Bio 

Get SALT Encoding   

  12  0:02  SCV  
  13  0:14  SCV  
  14  0:27  SCV  
  15  0:30  Supply Depot  
  15  0:34  Refinery  
  15  0:51  SCV  
  16  0:58  Barracks  
  16  1:03  SCV  
  17  1:16  SCV  
  18  1:28  SCV  
  19  1:40  SCV  
  19  1:46  Reaper  
  21  1:49  Supply Depot  
  21  1:52  SCV  
  22  1:55  Command Center  
  22  2:08  Barracks  
  22  2:21  Bunker  
  23  2:45  Orbital Command  
  22  2:54  Factory  
  22  2:56  Engineering Bay  
  22  2:58  Refinery  
  22  3:00  Barracks Reactor  
  22  3:01  Barracks Tech Lab  
  22  3:34  SCV, Marine  
  24  3:46  SCV  
  25  3:51  Orbital Command  
  25  3:52  Marine  
  26  3:58  Terran Infantry Weapons Level 1, SCV  
  27  4:08  Missile Turret  
  27  4:10  Marine  
  27  4:13  Stimpack  
  27  4:15  Marine x2  
  30  4:20  Factory Reactor  
  30  4:26  Starport  
  30  4:27  Marine  
  31  4:31  SCV x2, Supply Depot  
  31  4:32  Barracks  
  33  4:43  SCV x2, Refinery  
  33  4:44  Refinery  
  35  4:55  SCV  
  36  5:10  Barracks x2  
  36  5:12  Barracks  
  36  5:18  Factory Tech Lab  
  36  5:23  Marine x3  
  39  5:28  Barracks Reactor  
  39  5:37  Armory  
  39  5:39  Supply Depot  
  39  5:41  SCV x2  
  41  5:52  Terran Infantry Armor Level 1  
  41  5:53  SCV x2  
  43  6:05  SCV  
  44  6:12  Medivac x2  
  44  6:17  SCV x2  
  50  6:20  Starport  
  50  6:23  Supply Depot  
  50  6:25  Supply Depot  
  50  6:27  Terran Vehicle Weapons Level 1  
  50  6:29  SCV x2, Engineering Bay  
  46  6:53  Marine x2  
  46  6:54  Marine x4  
  51  7:11  Barracks Tech Lab, Marine x3  
  51  7:12  Barracks Tech Lab, Marine  
  51  7:13  Marauder  
  51  7:14  Barracks Reactor  
  44  7:30  SCV x2  
  44  7:34  Marauder  
  48  7:42  SCV x2  
  48  7:44  Medivac, Starport Tech Lab  
  50  7:45  Medivac  
  50  7:50  Combat Shields  
  54  7:51  Concussive Shells  
  54  7:54  SCV x2  
  54  7:56  Marauder  
  58  8:06  SCV x2  
  58  8:11  Marine x2  
  58  8:12  Marauder x2, Marine x2  
  52  8:29  SCV x2  
  54  8:34  Terran Infantry Weapons Level 2  
  54  8:41  SCV x2  
  56  8:44  Marauder, Marine x3  
  56  8:45  Marine  
  62  9:32  Liberator  
  62  9:39  SCV x2  
  62  9:40  Marine  
  62  9:41  Marauder x3, Marine x3  
  62  9:45  Command Center  
  74  9:51  SCV  
  78  10:26  Supply Depot  
  78  10:28  Supply Depot  
  78  10:29  Supply Depot  
  78  10:47  Marine x4  
  78  10:48  Marauder x2  
  78  10:49  SCV, Marauder, Marine x2  
  91  10:58  Missile Turret  
  91  11:03  Terran Infantry Weapons Level 3, Terran Infantry Armor Level 2  
  91  11:05  Marine x2  
  91  11:07  Marine  
  91  11:08  Orbital Command  
  91  11:09  Marauder  
  91  11:11  SCV, Marauder  
  95  11:20  Marine x2  
  95  11:21  Marauder  
  95  11:23  SCV  
  98  11:30  Marauder  
  100  11:35  SCV  
  99  12:16  Marauder, Marine  
  99  12:18  Refinery  
  99  12:19  Refinery  
  102  12:25  Supply Depot  
  102  12:46  Marine x3  
  102  12:47  Supply Depot, Marauder x2  
  102  12:48  Marine  
  110  13:08  Marine x4  
  110  13:09  Marauder x2  
  118  13:44  Marauder  
  118  13:46  Marine  
  118  13:47  Marauder  
  100  13:59  Marauder, Marine x5  
  107  14:04  Marine  
  107  14:05  Marauder  
  107  14:09  Marauder  
  112  14:16  Marine  
  112  14:18  Marine x4  
  117  14:39  Supply Depot  
  117  14:41  Supply Depot  
  117  14:43  Supply Depot  
  117  14:45  Supply Depot  
  117  14:51  Marine  
  118  14:54  Marine x4  
  118  14:55  Marauder x3  
  103  15:16  Marauder x3  
  101  15:24  Marine  
  101  15:25  Marine x5  
  79  15:37  Marauder x3  
  77  15:44  Marine x3  
  60  15:59  Marauder x3  
  60  16:04  Medivac x3  
  64  16:16  Marine x3  
  67  16:20  Marauder x3  
  73  16:34  Medivac x3  
  73  16:36  Marine  
  80  16:41  Marauder x3  
  86  16:58  Marine x2  
  86  16:59  Marine  
  86  17:03  Marauder x3  
  86  17:05  Medivac  
  77  17:24  Marauder x3  
  77  17:27  Marine x3  
  63  17:34  Marine x2  
  63  17:46  Marauder x3  
  69  18:06  SCV  
  70  18:19  SCV  
  71  18:25  Command Center  
  71  18:30  Barracks, Marine  
  71  18:31  Marauder  
  74  19:03  Marauder, Marine x5  
  74  19:04  Marauder x2  
  85  19:25  Marauder  
  87  19:38  Missile Turret  
  72  20:53  Marauder x2, Marine x6  
  72  20:54  Marauder  
  84  21:10  Marine  
  84  21:11  Marine x4  
  87  21:15  Marauder x3  
  95  21:25  Terran Infantry Armor Level 3  
  95  21:33  Refinery  
  95  21:36  Marauder x3  
  99  21:56  Refinery  
  99  21:57  Marauder  
  99  21:58  Marauder  
  99  21:59  Marine x3  
  99  22:00  Marauder, Marine  
  108  22:13  Marine x2  
  110  22:19  Marauder x2  
  110  22:21  Marauder, Orbital Command  
  115  22:38  Missile Turret  
  115  22:40  Marauder, Medivac x2  
  83  22:59  Marauder, Marine x5  
  83  23:00  Marauder  
  83  23:01  Marauder  
  57  23:59  Marine  
  57  24:00  Marauder x2, Marine x2  
  57  24:05  Command Center  
  57  24:33  Marauder, Marine x2  
  61  25:12  Marauder, Marine x2  
Show
View Real Time Build Order
Export as new Build Order

SPAD Protoss 

Build Orders: 1 Gate Expand 

Get SALT Encoding   

  12  0:01  Probe (Chrono Boost)  
  13  0:12  Probe (Chrono Boost)  
  14  0:21  Pylon  
  14  0:23  Probe (Chrono Boost)  
  15  0:39  Probe (Chrono Boost)  
  15  0:41  Gateway  
  16  0:48  Assimilator  
  17  0:50  Probe (Chrono Boost)  
  17  1:00  Probe (Chrono Boost)  
  18  1:11  Probe (Chrono Boost)  
  19  1:25  Nexus  
  19  1:28  Probe (Chrono Boost)  
  20  1:33  Assimilator  
  20  1:46  Cybernetics Core, Probe (Chrono Boost)  
  21  2:04  Probe (Chrono Boost)  
  22  2:14  Probe (Chrono Boost), Gateway  
  23  2:16  Pylon  
  22  2:28  Probe (Chrono Boost)  
  23  2:43  Robotics Facility  
  23  2:50  Probe (Chrono Boost), Pylon  
  24  2:54  Probe (Chrono Boost)  
  24  2:57  Warp Gate  
  25  2:59  Adept  
  25  3:03  Probe (Chrono Boost)  
  28  3:17  Stargate  
  28  3:18  Mothership Core (Chrono Boost)  
  30  3:20  Stalker  
  30  3:22  Probe (Chrono Boost)  
  33  3:31  Assimilator  
  33  3:33  Probe (Chrono Boost)  
  34  3:37  Observer  
  35  3:45  Stalker  
  35  3:46  Probe x2 (Chrono Boost)  
  39  4:00  Forge  
  39  4:05  Pylon  
  39  4:07  Probe (Chrono Boost), Assimilator  
  39  4:08  Probe (Chrono Boost)  
  41  4:10  Oracle (Chrono Boost)  
  44  4:20  Zealot  
  44  4:21  Zealot  
  44  4:23  Probe x2 (Chrono Boost)  
  50  4:35  Immortal  
  54  4:44  Probe  
  54  4:46  Phoenix (Chrono Boost)  
  54  4:49  Probe  
  58  5:05  Protoss Air Weapons Level 1  
  58  5:07  Phoenix (Chrono Boost)  
  58  5:11  Twilight Council  
  60  5:29  Phoenix (Chrono Boost)  
  62  5:48  Resonating Glaives (Chrono Boost)  
  59  5:53  Warp Prism  
  61  5:57  Protoss Ground Weapons Level 1  
  61  6:02  Probe  
  62  6:14  Pylon  
  62  6:16  Pylon  
  62  6:19  Pylon  
  62  6:28  Phoenix  
  62  6:32  Probe x2  
  66  6:44  Probe  
  67  6:50  Phoenix  
  69  7:06  Stalker  
  71  7:15  Gateway  
  71  7:17  Gateway  
  71  7:21  Pylon  
  71  7:23  Pylon  
  71  7:39  Stalker x2  
  75  7:44  Blink (Chrono Boost)  
  75  7:45  Phoenix  
  75  7:48  Templar Archives  
  75  7:50  Dark Shrine  
  75  8:39  Stalker  
  75  8:40  Stalker  
  79  8:42  Protoss Ground Weapons Level 2  
  79  8:43  Phoenix  
  79  8:44  Immortal, Psionic Storm  
  85  8:57  Probe  
  86  9:16  Nexus  
  86  9:25  Stalker x2  
  86  9:26  Stalker x2  
  94  9:36  Photon Cannon  
  94  9:38  Photon Cannon  
  94  9:40  Photon Cannon  
  94  9:42  Immortal, Phoenix, Charge (Chrono Boost)  
  94  9:43  Photon Cannon  
  99  10:32  Phoenix  
  101  10:52  High Templar x4  
  101  10:57  Immortal, Pylon  
  113  11:01  Pylon  
  113  11:04  Pylon  
  113  11:05  Assimilator  
  113  11:08  Assimilator  
  87  11:37  Archon  
  85  11:42  Probe  
  85  11:43  Probe x2  
  86  11:53  Probe  
  86  11:55  Probe  
  86  11:59  Phoenix  
  86  12:00  Immortal  
  92  12:06  Protoss Ground Weapons Level 3  
  92  12:07  Protoss Air Armor Level 1  
  94  12:12  Dark Templar  
  94  12:13  Dark Templar x2  
  100  12:18  Probe  
  100  12:19  Probe x2, Oracle  
  106  12:50  High Templar x4  
  114  12:57  Observer  
  113  13:16  Pylon  
  113  13:20  Gateway  
  113  13:22  Gateway  
  113  13:23  Immortal  
  113  13:25  Gateway  
  117  13:29  Gateway  
  117  13:30  Gateway  
  117  13:33  Gateway  
  107  14:04  Void Ray  
  107  14:05  Stalker x4  
  107  14:08  Immortal  
  115  14:37  Zealot x6  
  115  14:38  Zealot  
  127  15:04  Stalker x2  
  127  15:05  Stalker x6  
  78  15:48  High Templar x3  
  78  15:49  High Templar x5  
  92  15:50  High Templar  
  86  16:02  Archon  
  86  16:03  Archon x3  
  86  16:22  Zealot  
  88  16:26  Zealot x2  
  88  16:28  Dark Templar  
  88  16:29  Zealot x3  
  88  16:31  Dark Templar x2  
  94  17:01  Stalker x2  
  94  17:02  Stalker x4  
  105  17:28  Dark Templar  
  105  17:29  Dark Templar  
  107  17:30  Zealot x2  
  86  18:25  Phoenix  
  66  18:40  High Templar x2  
  66  18:41  High Templar  
  72  18:43  Nexus, Zealot x2  
  72  18:44  Zealot x2  
  80  19:03  Warp Prism  
  82  19:16  Assimilator  
  82  19:18  Assimilator  
  80  19:53  Photon Cannon  
  80  19:56  Photon Cannon  
  80  20:01  Fleet Beacon  
  80  20:10  Dark Templar  
  80  20:12  Dark Templar  
  80  20:13  Adept  
  80  20:14  Adept  
  66  21:33  Stalker x4  
  66  21:34  Stalker x2  
  78  21:57  Dark Templar  
  78  21:59  Dark Templar  
  82  22:18  Nexus, High Templar x2  
  82  22:19  Nexus  
  48  23:09  High Templar x2  
  48  23:10  High Templar x6  
  48  23:11  High Templar x2  
  66  23:17  Archon x2  
  66  23:18  Archon x2  
  66  23:19  Archon  
  56  23:52  Assimilator  
  56  23:55  Assimilator  
  56  23:57  Probe  
  57  24:03  Assimilator  
  57  24:05  Assimilator  
  55  24:28  Stalker  
  55  24:29  Stalker x3  
  55  24:57  Zealot x2  
  55  24:58  Zealot x3  
Show
View Real Time Build Order
Export as new Build Order

Blubbel Terran - Winner!

Build Orders: MMM Bio 

Get SALT Encoding   

  12  0:02  SCV  
  13  0:14  SCV  
  14  0:28  SCV, Supply Depot  
  15  0:36  Refinery  
  15  0:49  SCV  
  16  0:53  Barracks  
  16  1:01  SCV  
  17  1:13  SCV  
  18  1:26  SCV  
  18  1:29  Supply Depot  
  19  1:38  SCV  
  20  1:44  Marine  
  20  1:45  Factory  
  21  1:50  SCV  
  22  1:55  Engineering Bay  
  22  2:02  SCV  
  23  2:14  SCV  
  24  2:21  Marine  
  25  2:26  SCV  
  26  2:34  Command Center  
  26  2:37  Starport  
  26  2:42  SCV  
  27  2:46  Refinery  
  27  2:48  Marine  
  28  3:00  Terran Infantry Weapons Level 1  
  28  3:05  Orbital Command  
  28  3:25  Medivac  
  30  3:33  SCV  
  31  3:45  SCV, Marine  
  33  3:52  Supply Depot  
  33  3:59  Widow Mine  
  35  4:07  SCV  
  36  4:16  Barracks  
  36  4:19  SCV, Missile Turret  
  36  4:22  Orbital Command  
  37  4:28  Widow Mine  
  39  4:31  SCV  
  39  4:34  Marine  
  41  4:43  SCV  
  42  4:49  Medivac  
  45  4:52  SCV  
  45  4:55  SCV  
  45  4:59  Terran Infantry Armor Level 1  
  46  5:04  Armory  
  46  5:05  SCV  
  47  5:07  SCV  
  48  5:17  SCV  
  48  5:18  Barracks Tech Lab x2  
  48  5:19  SCV  
  50  5:27  Missile Turret  
  41  5:51  Medivac  
  41  5:52  Widow Mine  
  45  6:06  Barracks  
  45  6:09  Marauder x2  
  45  6:10  Combat Shields  
  49  6:12  Stimpack  
  49  6:21  Widow Mine  
  51  6:29  Refinery  
  51  6:30  Marauder  
  53  6:33  Refinery  
  53  6:35  Supply Depot  
  53  6:38  Supply Depot  
  53  6:43  Supply Depot  
  53  6:55  Barracks  
  53  6:57  Marauder  
  55  7:02  Barracks Reactor  
  55  7:06  Terran Infantry Armor Level 2  
  55  7:10  Engineering Bay  
  55  7:25  Medivac  
  55  7:26  Barracks x2  
  55  7:27  Widow Mine  
  55  7:29  Barracks  
  59  7:38  Supply Depot  
  59  7:55  Widow Mine  
  57  8:19  Barracks Reactor  
  57  8:21  Barracks Reactor  
  57  8:22  Command Center, Barracks Reactor  
  57  8:23  Barracks Reactor  
  61  8:34  Marine, Marauder x2  
  61  8:35  Marine  
  61  8:36  Concussive Shells  
  61  8:38  Starport Reactor  
  63  8:43  Terran Infantry Weapons Level 2  
  63  8:45  Supply Depot  
  67  8:55  Marauder x2  
  67  9:02  Marine x8  
  72  9:03  Marine x2  
  72  9:08  Supply Depot  
  77  9:11  Widow Mine  
  77  9:17  Marauder x2  
  83  9:19  Marine x2  
  83  9:20  Marine x7  
  83  9:21  Marine  
  93  9:31  Supply Depot  
  93  9:36  Missile Turret  
  93  9:37  Marine x2  
  93  9:38  Marauder x2  
  99  9:40  Widow Mine  
  99  9:42  SCV x2  
  99  9:43  SCV  
  99  9:45  Marine x7  
  108  9:46  Marine  
  112  9:54  SCV  
  112  9:55  Marine x2  
  112  9:59  Marine x2  
  115  10:02  Marine x2  
  115  10:03  Marine x6  
  121  10:13  Marine x2  
  123  10:17  Marine x2  
  125  10:29  Supply Depot  
  125  10:33  Supply Depot x2  
  125  10:36  Supply Depot  
  125  10:37  Supply Depot  
  125  10:50  Marine x4  
  125  10:51  Marauder x2  
  125  10:55  Marine x6  
  139  11:08  Marine x4  
  143  11:12  Marauder x2  
  143  11:13  Marine  
  134  11:34  Marauder x2  
  134  11:38  Marine x6  
  134  11:39  Marine x4  
  116  11:55  Marine, Marauder x2  
  116  11:56  Marine x5  
  116  11:59  Planetary Fortress  
  126  12:17  Marauder x2  
  126  12:18  Medivac x2  
  126  12:19  Command Center  
  134  12:38  Marauder x2  
  136  12:57  Hi-Sec Auto Tracking  
  133  12:59  Terran Infantry Weapons Level 3, Marauder x2  
  62  14:07  SCV x3  
  61  14:13  Missile Turret  
  61  14:14  Planetary Fortress  
  61  14:19  SCV x2  
  61  14:20  SCV  
  64  14:28  Marine x2, Marauder x2  
  64  14:29  Marine x7  
  77  14:31  SCV x2  
  77  14:35  Missile Turret  
  79  14:50  Marauder  
  79  14:52  Factory Reactor  
  80  14:55  Factory Tech Lab  
  80  14:56  Missile Turret  
  80  15:11  Marauder  
  80  15:12  Marine x6, Marauder  
  80  15:13  Marine x4  
  94  15:29  Marine  
  94  15:30  Marine x7  
  94  15:33  Marauder x2  
  80  15:54  Marauder  
  66  16:05  Medivac x2  
  66  16:08  SCV x3  
  73  16:20  SCV x2  
  75  16:35  Medivac  
  77  17:05  Marine x4  
  77  17:06  Marauder x2, Marine x3  
  77  17:07  Marine x3  
  84  17:23  Marine x4  
  84  17:24  Marine x5  
  84  17:25  Marine  
  84  17:28  Marauder x2  
  92  17:40  Marine  
  92  17:41  Marine x3  
  92  17:42  Marine x6  
  93  17:49  Marauder x2  
  87  18:03  Marine x2  
  87  18:04  Marine x6  
  87  18:05  Marine  
  96  18:10  Marauder  
  96  18:11  Marauder  
  91  18:32  Marauder x2  
  93  18:37  Marine  
  93  18:38  Marine x8  
  93  18:39  Marine  
  103  18:42  Terran Infantry Armor Level 3  
  103  18:53  SCV x3, Marauder x2  
  110  18:55  Marine x3  
  110  18:56  Marine x2  
  115  19:14  Marauder  
  115  19:15  Marauder  
  118  19:36  Marauder  
  118  19:37  Marauder  
  118  19:38  Marine x5  
  125  19:39  Marine x4  
  125  19:40  Marine  
  132  19:55  Marine  
  132  19:56  Marine  
  132  19:57  Command Center, Marauder  
  132  19:59  Marauder  
  138  20:11  Marine  
  138  20:12  Marine x3  
  138  20:13  Marine  
  143  20:19  Marauder  
  143  20:20  Marauder  
  147  20:40  Marauder  
  147  20:42  Marauder  
  148  21:19  SCV, Missile Turret  
  148  21:22  Planetary Fortress  
  149  21:31  SCV  
  103  21:50  Marauder  
  103  21:51  Marine x4, Marauder  
  103  21:52  Marine x6  
  117  22:09  Marine x6  
  117  22:10  Marine x4  
  117  22:12  Marauder x2  
  131  22:16  Command Center  
  131  22:27  Marine x2  
  133  22:33  Marauder x2  
  117  22:55  Marauder x2  
  86  23:17  Marine x4, Marauder x2  
  86  23:18  Marine x6  
  78  23:35  Marine x6  
  78  23:36  Marine  
  78  23:38  Marauder x2  
  86  24:01  Marine x2, Marauder x2  
  86  24:02  Marine x7  
  88  24:03  Marine  
  81  24:13  Medivac  
  83  24:19  Marine x3  
  83  24:20  Marine x4  
  83  24:22  Marauder x2  
  83  24:23  Refinery  
  94  24:25  Refinery  
  94  24:29  Refinery  
  94  24:30  SCV x4  
  98  24:43  Marauder x2  
Show
View Real Time Build Order
Export as new Build Order

zod Protoss - Winner!

Build Orders: 1 Gate Expand 

Get SALT Encoding   

  12  0:02  Probe (Chrono Boost)  
  13  0:12  Probe (Chrono Boost)  
  14  0:19  Pylon  
  14  0:23  Probe (Chrono Boost)  
  15  0:37  Probe (Chrono Boost)  
  16  0:43  Gateway  
  16  0:49  Probe (Chrono Boost)  
  17  0:52  Assimilator  
  17  0:58  Pylon  
  17  1:02  Probe (Chrono Boost)  
  18  1:28  Nexus  
  18  1:30  Probe (Chrono Boost)  
  19  1:44  Cybernetics Core  
  19  1:53  Probe (Chrono Boost)  
  20  2:02  Gateway  
  20  2:06  Probe (Chrono Boost)  
  21  2:09  Zealot  
  23  2:20  Mothership Core (Chrono Boost)  
  25  2:25  Assimilator  
  25  2:28  Warp Gate (Chrono Boost)  
  25  2:40  Probe  
  25  2:41  Probe  
  27  2:49  Assimilator  
  27  2:52  Probe x2  
  27  2:55  Adept  
  31  2:59  Adept  
  31  3:02  Probe  
  31  3:04  Probe  
  35  3:13  Probe  
  35  3:15  Pylon  
  36  3:23  Adept  
  36  3:26  Adept  
  40  3:35  Gateway  
  40  3:40  Probe  
  40  3:41  Probe  
  40  3:42  Assimilator  
  42  3:50  Adept  
  42  3:53  Probe  
  42  3:55  Pylon  
  45  4:01  Robotics Facility  
  45  4:06  Probe, Pylon  
  46  4:32  Forge  
  46  4:34  Gateway  
  46  4:35  Stargate  
  46  4:37  Twilight Council  
  46  4:38  Probe  
  46  4:39  Probe, Pylon  
  48  4:48  Probe  
  48  4:51  Probe  
  50  4:59  Stalker x2, Probe  
  54  5:00  Stalker  
  57  5:13  Protoss Ground Weapons Level 1  
  57  5:14  Warp Prism  
  57  5:16  Resonating Glaives (Chrono Boost)  
  62  5:25  Phoenix  
  61  5:33  Stalker x2  
  65  6:01  Adept x2  
  65  6:02  Adept x2  
  73  6:13  Oracle  
  68  6:50  Stalker x3  
  68  6:51  Stalker  
  76  6:54  Probe  
  76  6:56  Probe  
  76  6:58  Protoss Air Weapons Level 1 (Chrono Boost)  
  78  7:15  Protoss Ground Weapons Level 2 (Chrono Boost)  
  78  7:21  Pylon  
  78  7:23  Probe  
  78  7:24  Pylon  
  78  7:29  Pylon  
  71  7:32  Pylon  
  71  7:33  Pylon x2  
  71  7:37  Adept x4  
  71  7:39  Void Ray  
  71  7:40  Gateway  
  71  7:44  Gateway  
  81  7:45  Blink  
  81  7:46  Gateway  
  81  7:58  Stalker x3  
  81  8:03  Adept  
  65  8:42  Dark Shrine  
  65  8:46  Nexus, Protoss Air Armor Level 1 (Chrono Boost)  
  65  8:49  Pylon  
  65  8:51  Pylon  
  65  8:52  Photon Cannon  
  65  8:54  Assimilator  
  65  8:56  Assimilator  
  65  9:00  Pylon  
  65  9:03  Photon Cannon  
  65  9:07  Photon Cannon  
  65  9:08  Photon Cannon  
  65  9:12  Photon Cannon  
  65  9:14  Protoss Shields Level 1, Photon Cannon  
  63  9:21  Observer  
  63  9:22  Phoenix  
  66  9:30  Probe  
  67  9:42  Probe x2  
  67  9:44  Stalker x2  
  73  9:46  Charge  
  73  9:47  Phoenix  
  73  9:51  Stalker  
  73  9:52  Stalker  
  79  9:54  Probe x2  
  77  10:17  Stalker x4  
  77  10:19  Adept  
  87  10:22  Sentry x2  
  87  10:25  Probe  
  91  10:31  Probe  
  91  10:32  Probe  
  93  10:37  Probe  
  93  10:42  Probe  
  94  10:44  Probe, Void Ray  
  94  10:48  Observer  
  101  11:00  Robotics Bay  
  101  11:11  Stalker x3  
  103  11:23  Stalker x3  
  107  11:47  Protoss Ground Weapons Level 3  
  107  11:51  Probe  
  107  11:52  Probe x2  
  110  11:54  Stalker  
  110  11:55  Stalker x3  
  110  11:56  Disruptor  
  110  11:58  Phoenix  
  123  12:17  Dark Templar  
  123  12:18  Dark Templar  
  126  12:37  Dark Templar x3  
  126  12:43  Disruptor  
  135  12:51  Dark Templar x2  
  139  13:10  Stalker  
  139  13:11  Zealot  
  143  13:19  Disruptor  
  144  13:28  Stalker  
  144  13:30  Zealot x2  
  145  14:25  Dark Templar x5  
  145  14:27  Archon x2  
  145  14:28  Archon  
  155  14:32  Archon x2  
  155  14:37  Nexus  
  155  14:41  Assimilator  
  155  14:45  Assimilator  
  118  15:30  Stalker x3  
  118  15:31  Stalker x2  
  86  15:54  Dark Templar x3  
  79  16:13  Observer  
  80  16:29  Dark Templar x2  
  80  16:30  Dark Templar x3  
  90  16:34  Observer  
  85  16:49  Pylon  
  85  16:50  Pylon  
  85  16:54  Pylon  
  61  16:56  Observer  
  57  17:11  Oracle  
  57  17:13  Stalker x3  
  57  17:14  Stalker  
  68  17:16  Colossus  
  68  17:19  Mothership Core  
  60  17:55  Stalker x4  
  51  18:06  Stalker, Mothership Core  
  51  18:11  Observer  
  50  18:34  Probe x2  
  50  18:37  Probe  
  52  18:46  Probe x2  
  52  18:48  Probe  
  55  18:59  Stalker x2  
  59  19:27  Dark Templar  
  59  19:28  Dark Templar  
  63  19:38  Probe  
  63  19:44  Protoss Shields Level 2  
  64  19:51  Nexus  
  41  20:31  Probe  
  41  20:32  Probe  
  41  20:33  Probe  
  44  20:42  Probe  
  44  20:44  Probe  
  44  20:45  Probe  
  47  20:52  Probe  
  47  20:57  Probe x2  
  50  21:07  Observer  
  51  21:17  Pylon  
  51  21:20  Pylon  
  51  21:25  Pylon  
  51  21:29  Observer  
  52  21:35  Probe  
  52  21:36  Probe  
  52  21:37  Probe x2  
  56  21:50  Observer  
  51  22:01  Stalker x4  
  43  22:03  Zealot  
  49  22:11  Observer  
  50  22:22  Probe  
  50  22:24  Probe  
  52  22:31  Probe  
  52  22:33  Probe x2  
  52  22:36  Robotics Facility  
  55  22:37  Dark Templar x2  
  55  22:38  Dark Templar  
  49  23:27  Dark Templar x5  
  49  23:28  Dark Templar  
  57  23:36  Dark Templar  
  59  24:00  Stalker x4  
  59  24:01  Stalker  
  69  24:35  Stalker x4  
  69  24:36  Stalker x2  
  81  24:38  Void Ray  
  72  24:55  Stalker  
  74  25:28  Stalker x4  
  82  25:29  Stalker  
Tags
 
Add a new tag
Caveats
  • Supply blocks, unpowered buildings, or Contaminate may cause inaccurate times.
  • Supply counts are checked every 10 seconds.